 Dungeon Crawl Stone Soup version 0.19.0-20-gbc5f0c6 (webtiles) character file.

25 Minion the Chucker (level 3, 0/28 (29) HPs)
             Began as a Ghoul Hunter on Nov 17, 2016.
             Slain by an adder (2 damage)
             ... on level 2 of the Dungeon.
             The game lasted 00:03:44 (1160 turns).

Minion the Chucker (Ghoul Hunter)                   Turns: 1160, Time: 00:03:45

HP:   0/28 (29)     AC:  3    Str: 15    XL:     3   Next: 4%
MP:   2/2           EV: 11    Int:  6    God:
Gold: 40            SH:  0    Dex: 10    Spells: 0 memorised, 2 levels left

rFire  . . .     SeeInvis .     j - +0 hand axe
rCold  + . .     Gourm    .     b - +0 leather armour
rNeg   + + +     Faith    .     (no shield)
rPois  ∞         Spirit   .     (no helmet)
rElec  .         Reflect  .     (no cloak)
rCorr  .         Harm     .     (no gloves)
MR     .....                    (no boots)
Stlth  +.........               (no amulet)
                                (no ring)
                                (no ring)

@: rotting
A: rotting body, claws 1, carnivore 3, cold resistance 1, negative energy
resistance 3, slow regeneration 1, torment resistance, unbreathing
a: no special abilities


You were on level 2 of the Dungeon.
You were not hungry.

You visited 1 branch of the dungeon, and saw 2 of its levels.

You collected 40 gold pieces.

Inventory:

Hand Weapons
 j - a +0 hand axe (weapon)
Missiles
 c - 4 javelins (quivered)
 d - 2 throwing nets
Armour
 b - a +0 leather armour (worn)
Jewellery
 h - an uncursed ring of stealth {unknown}
Scrolls
 a - a scroll of identify {unknown}
 e - a scroll of enchant armour {unknown}
 g - a scroll of teleportation {unknown}
 i - a scroll of fog {unknown}
Potions
 l - a potion of mutation {unknown}
Comestibles
 f - a meat ration
 k - a beef jerky


   Skills:
 - Level 2.1 Fighting
 + Level 4.4 Throwing
 - Level 1.7 Dodging
 - Level 1.1 Stealth


You had 2 spell levels left.
You didn't know any spells.

Dungeon Overview and Level Annotations

Branches:
Dungeon (2/15)

Altars:


Innate Abilities, Weirdness & Mutations

Your body is rotting away.
You thrive on raw meat.
You are immune to poison.
You have sharp fingernails.
You are carnivorous and can eat meat at any time.
Your flesh is cold resistant. (rC+)
You are immune to negative energy. (rN+++)
You regenerate slowly when monsters are visible.
You are immune to unholy pain and torment.
You can survive without breathing.


Message History

You barely miss the adder.
The adder is moderately wounded.
The adder bites you but does no damage.
You barely miss the adder.
The adder is moderately wounded.
The adder bites you.
* * * LOW HITPOINT WARNING * * *
The adder completely misses you.
Throwing (i - inventory. (,) - cycle):
c - 6 javelins (quivered)
Press: ? - help, Shift-Dir - straight line, f - adder
Aim: an adder (moderately wounded)
You throw a javelin. The javelin misses the adder. x2
The adder bites you but does no damage. The adder bites you.
* * * LOW HITPOINT WARNING * * *
Throwing (i - inventory. (,) - cycle):
c - 5 javelins (quivered)
Press: ? - help, Shift-Dir - straight line, f/p - adder
Aim: an adder (moderately wounded)
You throw a javelin. The javelin barely misses the adder.
The javelin closely misses the adder.
The adder bites you.
You die...

#### ..# #.#
####.#######
#......@SS(#
#.##.#####...>#
#.##.# .....#
#.###<##.#
#...##
#........# #.##
#####.#### .#
#.# # ..# .###


You could see 2 adders.

Vanquished Creatures
  A worm (D:1)
  A leopard gecko (D:1)
  3 giant cockroaches (D:1)
  4 goblins (D:1)
  2 hobgoblins (D:1)
  2 bats (D:1)
  2 frilled lizards (D:1)
  3 kobolds (D:1)
  3 rats (D:1)
21 creatures vanquished.

Notes
Turn   | Place    | Note
-------+----------+-------------------------------------------
     0 | D:1      | Minion the Ghoul Hunter began the quest for the Orb.
     0 | D:1      | Reached XP level 1. HP: 17/17 MP: 0/0
   235 | D:1      | Reached skill level 4 in Throwing
   235 | D:1      | Reached XP level 2. HP: 15/24 MP: 1/1
   944 | D:1      | Reached XP level 3. HP: 23/26 MP: 2/2
  1160 | D:2      | Slain by an adder

Skill      XL: |  1 |
---------------+----+-----
Throwing       | 4 |  4.4
Fighting       | |  2.1
Dodging        | |  1.7
Stealth        | |  1.1

Action                   || total
-------------------------++-------
Melee: Short sword       ||    17
       Hand axe          ||    62
Throw: Javelin           ||    15
       Throwing net      ||     1
  Eat: Chunk             ||     7
Armor: Leather armour    ||    33
Dodge: Dodged            ||    73
